 Dungeon Crawl Stone Soup version 0.26-a0-651-gb41185065b (webtiles) character file.

Game seed: 11527332835173490978

274326 Flugslaktarn the Warrior (level 19, -11/136 HPs)
             Began as a Deep Dwarf Fighter on Oct 7, 2020.
             Was the Champion of Makhleb.
             Killed from afar by a Hell Sentinel (30 damage)
             ... with an iron shot
             ... on level 5 of the Abyss.
             The game lasted 00:16:08 (18982 turns).

Flugslaktarn the Warrior (Deep Dwarf Fighter)      Turns: 18982, Time: 00:16:09

Health: -11/136    AC: 27    Str: 31    XL:     19   Next: 52%
Magic:  8/8        EV: 19    Int: 10    God:    Makhleb [******]
Gold:   1363       SH: 22    Dex: 16    Spells: 18/18 levels left

rFire    + . .     SeeInvis .   a - +6 broad axe (drain)
rCold    + + .     Faith    .   E - +2 kite shield of Xuukeg {rPois Str+3}
rNeg     + . .     Spirit   .   B - +4 chain mail {rC+}
rPois    +         Reflect  +   g - +2 helmet
rElec    +         Harm     .   N - +1 cloak
rCorr    .         Rampage  .   c - +1 pair of gloves
MR       ++...     Rnd*Tele +   m - +2 pair of boots
Stlth    ..........             L - amulet of reflection
HPRegen  0.00/turn              M - ring of Qankomax {rF+ rC+ Str+2 Dex+7}
MPRegen  0.11/turn              j - ring "Butrit" {rElec EV+4 Str+4 Stlth-}

@: mighty, non-regenerating, hasted, glowing, very quick
A: damage resistance, heal wounds, [blurry vision 3], [clumsy 2], [deformed
body], [frail 3], [low mp 2], negative energy resistance 1, sense surroundings
3, [screaming 3], teleportitis 1[+2], [weak 2], [subdued magic 2], no
regeneration
}: 2/15 runes: decaying, serpentine
a: Heal Wounds, Minor Destruction, Lesser Servant of Makhleb, Major Destruction,
Greater Servant of Makhleb, Renounce Religion


You were on level 5 of the Abyss.
You worshipped Makhleb.
Makhleb was exalted by your worship.
You visited 7 branches of the dungeon, and saw 34 of its levels.
You visited the Abyss 1 time.
You also visited: Gauntlet and Volcano.

You collected 1842 gold pieces.
You spent 479 gold pieces at shops.

Inventory:

Hand Weapons
 a - a +6 broad axe of draining (weapon)
   (You took it off Donald on level 2 of the Orcish Mines)
 b - a +4 halberd of distortion
   (You took it off a hell knight on level 4 of the Depths)
Missiles
 f - 3 throwing nets (quivered)
Armour
 c - a +1 pair of gloves (worn)
   (You found it on level 1 of the Lair of Beasts)
 g - a +2 helmet (worn)
   (You found it on level 2 of the Dungeon)
 m - a +2 pair of boots (worn)
   (You found it on level 4 of the Dungeon)
 B - a +4 chain mail of cold resistance (worn)
   (You took it off Terence on level 2 of the Dungeon)
 E - the +2 kite shield of Xuukeg (worn) {rPois Str+3}
   (You took it off Donald on level 2 of the Orcish Mines)

   It affects your strength (+3).
   It protects you from poison.
 K - a +0 tower shield
   (You found it on level 15 of the Dungeon)
 N - a +1 cloak (worn)
   (You took it off a draconian monk on level 5 of the Depths)
Jewellery
 j - the ring "Butrit" (right hand) {rElec EV+4 Str+4 Stlth-}
   (You found it on level 9 of the Dungeon)

   [ring of evasion]

   It affects your evasion (+4).
   It affects your strength (+4).
   It insulates you from electricity.
   It makes you less stealthy.
 k - an uncursed ring of wizardry {unknown}
   (You found it on level 4 of the Snake Pit)
 v - a +4 ring of evasion
   (You took it off an orc priest on level 8 of the Dungeon)
 F - the ring "Muicusyu" {*Tele *Slow rF+ rN+, unknown}
   (You found it on level 1 of the Depths)

   [ring of teleportation]

   It may teleport you next to monsters.
   It protects you from fire.
   It protects you from negative energy.
   It may slow you when you take damage.
 L - an amulet of reflection (around neck)
   (You found it on level 2 of the Lair of Beasts)
 M - the ring of Qankomax (left hand) {rF+ rC+ Str+2 Dex+7}
   (You found it in a Gauntlet)

   [ring of protection from cold]

   It affects your strength (+2).
   It affects your dexterity (+7).
   It protects you from fire.
   It protects you from cold.
Wands
 i - a wand of acid (21)
   (You took it off Maurice on level 7 of the Dungeon)
 u - a wand of iceblast (53)
   (You found it on level 6 of the Dungeon)
 I - a wand of enslavement (12)
   (You found it on level 14 of the Dungeon)
Scrolls
 e - a scroll of enchant armour
 l - 3 scrolls of magic mapping
 r - 8 scrolls of identify
 t - 5 scrolls of teleportation
 x - 8 scrolls of remove curse
 z - 5 scrolls of blinking
 A - 4 scrolls of fear
 D - 2 scrolls of immolation
 G - a scroll of summoning {unknown}
 O - a scroll of fog
 P - 2 scrolls of silence {unknown}
Potions
 d - 4 potions of might
 h - 3 potions of haste
 n - 4 potions of cancellation
 o - 4 potions of invisibility
 p - 3 potions of flight
 q - 9 potions of curing
 s - 3 potions of berserk rage
 w - a potion of heal wounds
 y - a potion of mutation
 H - 6 potions of resistance
 J - 2 potions of lignification
Miscellaneous
 C - a tin of tremorstones (1/3)
   (You found it on level 9 of the Dungeon)


   Skills:
 + Level 18.1 Fighting
 - Level 16.0 Axes
 + Level 16.6 Armour
 + Level 9.1 Dodging
 - Level 15.0 Shields
 - Level 15.0 Invocations
 - Level 10.0 Evocations


You had 18 spell levels left.
You didn't know any spells.
Your spell library was empty.

Dungeon Overview and Level Annotations

Branches:
Dungeon (15/15)            Temple (1/1) D:4            Lair (3/6) D:9
  Swamp (4/4) Lair:2        Snake (4/4) Lair:3          Orc (2/2) D:10
 Vaults (0/5) D:13         Depths (5/5) D:15            Zot (0/5) Depths:5
Volcano (visited)         Gauntlet (visited)
    Elf: Orc:2

Altars:
Ashenzari
Cheibriados
Dithmenos
Elyvilon
Fedhas
Gozag
Hepliaklqana
Kikubaaqudgha
Makhleb
Nemelex Xobeh
Okawaru
Qazlal
Ru
Sif Muna
Trog
Uskayaw
Vehumet
Wu Jian
Xom
Yredelemnul
Zin
The Shining One

Shops:
D:9 ?   D:10 ?!*}   D:11 :   Orc:2 }   Snake:3 }![?   Depths:4 }==

Portals:
Hell: Depths:2

Annotations:
D:5 3 runed translucent doors, Flugslaktarn's ghost, weakling DDFi; Irenicus's ghost, novice DDEE
D:6 2 transporters, imnewhereh's ghost, novice GnWr
Lair:1 2 transporters


Innate Abilities, Weirdness & Mutations

You are resistant to damage.
You can heal yourself by infusing magical energy.
You resist negative energy. (rN+)
You passively map a large area around you.
You do not regenerate.
[Scrolls take you much longer to read.]
[You are very clumsy. (Dex -4)]
[Armour fits poorly on your strangely shaped body.]
[You are extremely frail. (-30% HP)]
[Your magical capacity is very low. (-20% MP)]
[You frequently scream uncontrollably at your foes.]
[You are often teleported next to monsters.]
[You are very weak. (Str -4)]
[Your spells are easier to cast, but less powerful.]


Message History

A cacophony of accursed wailing tears at your sanity!
* * * LOW HITPOINT WARNING * * *
You shrug off the repeated paralysis!
You feel very mighty all of a sudden. The Hell Sentinel misses you.
The Hell Sentinel hits you!
* * * LOW HITPOINT WARNING * * *
The wretched star pulses with an eldritch light!
You feel less energetic. x2
Your magical essence is drained by the effort!
You feel much better.
You are engulfed in blazing flames.
You resist.
The large abomination is engulfed in a forest fire.
The large abomination misses you.
The deep elf blademaster is engulfed in blazing flames.
The large abomination is engulfed in blazing flames.
You block the large abomination's attack.
A cacophony of accursed wailing tears at your sanity!
* * * LOW HITPOINT WARNING * * *
The Hell Sentinel gestures at you. The iron shot hits you!!
You die... .. ..... (∩ .. .... ... . . .. #X4# .. .. # ..##XX##..##.. #. .XXXXX...... . . .XXXX.

. . . .. #∩ #*X##.
##.. #
.##..##1X##X4##† #..
.
....G§X@☼§§X..).∩....
.
.....§X§§☼§§§........
.. §..♣≈§§e§§§§§.#
##. . .
≈..♣§§§§§§♣.#. .
###..♣.§§§♣≈... ..
####.♣♣f♣≈... . . .
#.. ≈.♣♣...##. '..
.≈♣ ∩..# .. ..


You could see 15 starcursed masses, a Hell Sentinel, a tentacled monstrosity
(inner flame), a deep elf blademaster, an ophan, a shambling mangrove, a
wretched star, 2 large abominations and 2 chaos spawn.

Vanquished Creatures
  An ancient lich (Abyss:5)
  Saint Roka (Depths:5)
  2 bone dragons
  2 titans (Depths:4)
  3 tentacled monstrosities (Depths:4)
  4 liches
  Frances (D:14)
  3 tentacled starspawn
  2 thorn hunters
  A draconian monk (Depths:5)
  6 fire giants
  2 nagarajas (Snake:4)
  A shadow dragon (Depths:5)
  A draconian scorcher (Depths:5)
  A deep elf sorcerer (Abyss:5)
  Donald (Orc:2)
  4 frost giants
  An orc warlord (Orc:1)
  A cacodemon (Abyss:5)
  10 stone giants
  13 very ugly things
  A spriggan defender (Depths:5)
  A black draconian (Depths:5)
  A red draconian (Depths:5)
  2 spark wasps (Depths:5)
  A yellow draconian (Depths:5)
  A minotaur (Gauntlet)
  4 ettins
  A deep elf death mage (Depths:4)
  3 great orbs of eyes
  A yaktaur captain (Depths:4)
  A deep elf high priest (Depths:4)
  5 fire dragons
  Fannar (D:11)
  A caustic shrike simulacrum (Depths:3)
  6 rakshasas
  A spriggan air mage (Depths:2)
  5 ice dragons
  8 hydras
  9 naga warriors
  A ghost crab (Swamp:3)
  A centaur warrior (Depths:2)
  18 two-headed ogres
  A shambling mangrove (Swamp:2)
  2 anacondas
  2 dancing weapons (D:13)
  9 alligators
  5 ogre magi
  3 deep troll shamans
  A tengu warrior (D:15)
  2 orc high priests
  3 spriggan berserkers
  A storm dragon zombie (Abyss:4)
  5 deep troll earth magi
  Urug (D:12)
  6 thrashing horrors
  5 shock serpents
  18 starcursed masses
  7 naga sharpshooters (Snake:4)
  5 iron trolls
  3 wretched stars (Abyss:5)
  3 spatial maelstroms
  10 hell knights
  A salamander mystic (Snake:4)
  A death drake (Swamp:4)
  2 glowing orange brains (Depths:4)
  A sea snake (shapeshifter) (Depths:2)
  4 unseen horrors
  11 deep trolls
  A wizard (D:14)
  A flayed ghost (Depths:4)
  4 naga ritualists
  3 phantasmal warriors (Swamp:4)
  3 orc knights (Orc:2)
  Pikel (D:8)
  3 swamp dragons
  3 necromancers
  6 mana vipers
  A spectral hydra (Swamp:4)
  A wolf spider zombie (D:14)
  2 cyclopes
  2 manticores (D:14)
  6 salamanders
  2 deep elf magi (D:15)
  An orc sorcerer (Orc:2)
  5 worldbinders (Abyss:5)
  A salamander (shapeshifter) (Depths:4)
  17 ugly things
  A frost giant skeleton (Depths:3)
  Maurice (D:7)
  2 guardian serpents
  3 apocalypse crabs
  10 naga magi
  A guardian serpent (shapeshifter) (D:15)
  A torpor snail (shapeshifter) (Depths:4)
  A gargoyle (D:10)
  A water nymph (Abyss:5)
  16 black mambas
  2 smoke demons (Abyss:5)
  An orange demon (Abyss:5)
  An elf skeleton (Depths:3)
  8 cane toads
  A redback zombie (D:15)
  13 yaktaurs
  Maggie (D:8)
  4 swamp worm zombies (Swamp:4)
  A komodo dragon (Lair:2)
  A freezing wraith (D:14)
  A tormentor (Abyss:5)
  3 tengu conjurers
  3 ancient zymes
  3 hydra zombies (Swamp:4)
  A jumping spider (shapeshifter) (Depths:4)
  6 tyrant leeches
  10 trolls
  10 hornets
  9 raiju (Abyss:5)
  9 bog bodies
  3 spectral swamp dragons (Swamp:4)
  3 alligator zombies (Swamp:4)
  3 hippogriffs
  6 slime creatures
  A hydra skeleton (Abyss:4)
  A fire giant simulacrum (Abyss:4)
  15 blink frogs
  A wraith (D:15)
  2 ynoxinuls
  A shadow (D:15)
  3 fire bats (Volcano)
  3 small abominations (Abyss:4)
  2 wyverns
  A basilisk (Lair:3)
  A yak (shapeshifter) (D:15)
  11 yaks
  3 spriggans
  4 water elementals
  5 large abominations
  A chaos spawn (Abyss:4)
  2 steam dragons (D:9)
  6 vampire mosquitoes (Swamp:4)
  4 neqoxecs
  A human zombie (Depths:3)
  22 nagas
  7 wargs
  12 swamp worms
  A hell hound (Volcano)
  23 insubstantial wisps
  An acid dragon (D:13)
  4 water moccasins
  2 porcupines
  4 black bears
  3 sky beasts
  5 swamp drakes
  4 swamp dragon zombies (Swamp:4)
  7 phantoms
  22 orc warriors
  5 ice beasts
  A necrophage (D:11)
  2 eyes of draining
  26 ogres
  9 centaurs
  3 wolves (Lair:2)
  9 crocodiles
  3 lemures (D:8)
  2 big kobolds
  15 bullfrogs
  A wyvern zombie (D:11)
  A gnoll sergeant (D:10)
  A glowing shapeshifter simulacrum (Depths:3)
  A scorpion (D:6)
  17 killer bees
  10 wights
  An electric eel (Lair:2)
  4 howler monkeys
  4 hounds
  6 centaur skeletons
  4 jellies
  2 bullfrog skeletons
  2 centaur zombies
  A gnoll shaman (D:7)
  21 orc priests
  12 orc wizards
  3 iguanas
  An iron imp (D:2)
  4 spectral swamp drakes (Swamp:4)
  10 worker ants
  Terence (D:2)
  A hound skeleton (D:8)
  A worker ant zombie (D:8)
  10 gnolls
  9 adders
  2 shadow imps
  3 white imps
  2 ufetubi
  An ooze (D:2)
  4 worms
  4 leopard geckos
  55 orcs
  3 giant cockroaches
  8 goblins
  A hobgoblin (D:2)
  3 jackals (D:6)
  2 quokkas
  5 bats (D:2)
  2 frilled lizards (D:2)
  12 kobolds
  A leopard gecko zombie (D:5)
  A quokka zombie (D:5)
  8 rats
  4 briar patches (Abyss:5)
  2 starspawn tentacles (Abyss:5)
960 creatures vanquished.

Vanquished Creatures (collateral kills)
  3 nagarajas (Snake:4)
  Erolcha (D:12)
  4 naga warriors (Snake:4)
  3 hydras
  4 naga sharpshooters (Snake:4)
  A naga ritualist (Snake:4)
  2 manticores (D:13)
  9 naga magi (Snake:4)
  A hippogriff (D:13)
  4 nagas (Snake:4)
  A crocodile (Lair:3)
  A bullfrog zombie (D:13)
34 creatures vanquished.

Vanquished Creatures (others)
  A rakshasa (Abyss:5)
  A necromancer (Depths:3)
  A vampire (D:13)
  A golden eye (Abyss:5)
  A swamp drake (Swamp:3)
  2 small abominations (Abyss:5)
  4 fungi (Lair:3)
  3 plants
  10 starspawn tentacles
  5 withered plants (D:5)
29 creatures vanquished.

Grand Total: 1023 creatures vanquished

Notes
Turn   | Place    | Note
-------+----------+-------------------------------------------
     0 | D:1      | Flugslaktarn the Deep Dwarf Fighter began the quest for the
                  | Orb.
     0 | D:1      | Reached XP level 1. HP: 20/20 MP: 1/1
    60 | D:2      | Noticed Terence
    69 | D:2      | Killed Terence
    69 | D:2      | Reached skill level 3 in Fighting
    69 | D:2      | Reached XP level 2. HP: 19/28 MP: 2/2
   119 | D:2      | Reached XP level 3. HP: 23/34 MP: 3/3
   250 | D:4      | Noticed an ogre
   259 | D:4      | Killed an ogre
   259 | D:4      | Reached XP level 4. HP: 23/43 MP: 4/4
   273 | D:4      | Reached XP level 5. HP: 42/50 MP: 5/5
   337 | D:4      | Found a basalt altar of Yredelemnul.
   398 | D:4      | Found a staircase to the Ecumenical Temple.
   410 | Temple   | Entered the Ecumenical Temple
   649 | D:4      | Noticed an ogre
   662 | D:4      | Killed an ogre
   662 | D:4      | Reached skill level 4 in Fighting
   706 | D:4      | Reached XP level 6. HP: 22/57 MP: 6/6
   780 | D:4      | Reached skill level 5 in Axes
   792 | D:4      | Reached XP level 7. HP: 36/66 MP: 6/6
   953 | D:4      | Reached skill level 5 in Fighting
  1017 | D:5      | Entered Level 5 of the Dungeon
  1018 | D:5      | Found a sparkling altar of Nemelex Xobeh.
  1033 | D:5      | Found a snail-covered altar of Cheibriados.
  1049 | D:5      | Found a runed translucent gate.
  1050 | D:5      | Found a runed translucent gate.
  1052 | D:5      | Found a runed translucent gate.
  1068 | D:5      | Found a radiant altar of Vehumet.
  1083 | D:5      | Reached skill level 5 in Armour
  1149 | D:5      | Found a glowing silver altar of Zin.
  1158 | D:5      | Reached skill level 5 in Shields
  1281 | D:5      | Found a sacrificial altar of Ru.
  1324 | D:5      | Noticed Flugslaktarn's ghost (weakling DDFi)
  1325 | D:5      | Noticed Irenicus's ghost (novice DDEE)
  1361 | D:5      | Reached XP level 8. HP: 52/75 MP: 7/7
  1548 | D:6      | Found a stormy altar of Qazlal.
  1695 | D:6      | Noticed imnewhereh's ghost (novice GnWr)
  1704 | D:6      | Found a transporter.
  1719 | D:6      | Found a transporter.
  1784 | D:6      | Reached skill level 6 in Fighting
  2079 | D:7      | Found a basalt altar of Yredelemnul.
  2187 | D:7      | Gained mutation: You passively map the area around you.
                  | [Deep Dwarf growth]
  2187 | D:7      | Reached XP level 9. HP: 26/85 MP: 7/7
  2248 | D:7      | Reached skill level 7 in Fighting
  2729 | D:8      | Noticed Maurice
  2760 | D:7      | Killed Maurice
  2813 | D:8      | Reached skill level 8 in Fighting
  2844 | D:8      | Noticed Pikel
  2858 | D:8      | Killed Pikel
  2858 | D:8      | Reached XP level 10. HP: 43/96 MP: 7/7
  2945 | D:8      | Noticed Maggie
  2965 | D:8      | Killed Maggie
  4137 | D:2      | Found a broken altar of Ashenzari.
  4138 | D:2      | You fall into a shaft and drop 1 floor!
  4273 | D:2      | Found a burning altar of Makhleb.
  4285 | D:2      | Became a worshipper of Makhleb the Destroyer
  4603 | D:9      | Reached skill level 10 in Axes
  4603 | D:9      | Reached skill level 1 in Invocations
  4603 | D:9      | Reached skill level 1 in Evocations
  4660 | D:9      | Found an ornate altar of the Wu Jian Council.
  4743 | D:9      | Found Ymid's Magic Scroll Shop.
  4759 | D:9      | Bought a scroll of enchant weapon for 105 gold pieces
  4796 | D:9      | Reached * piety under Makhleb
  4816 | D:9      | Reached skill level 9 in Fighting
  4836 | D:9      | Got a translucent bone ring
  4994 | D:9      | Noticed a moth of wrath
  4997 | D:9      | Found a bloodstained altar of Trog.
  5238 | D:9      | Found a staircase to the Lair.
  5329 | D:9      | Identified the ring "Butrit" {rElec EV+4 Str+4 Stlth-} (You
                  | found it on level 9 of the Dungeon)
  5373 | D:10     | Entered Level 10 of the Dungeon
  5416 | D:10     | Found Ovafi's Distillery.
  5457 | D:10     | Found a staircase to the Orcish Mines.
  5483 | D:10     | Reached ** piety under Makhleb
  5512 | D:10     | Found Eqylis's Gadget Shoppe.
  5573 | D:10     | You fall into a shaft and drop 2 floors!
  5646 | D:12     | Noticed Urug
  5658 | D:12     | Killed Urug
  5658 | D:12     | Reached XP level 11. HP: 95/106 MP: 6/6
  5737 | D:11     | Noticed a two-headed ogre
  5745 | D:11     | Killed a two-headed ogre
  5835 | D:10     | Found Guij Cyne's Magic Scroll Shoppe.
  5839 | D:10     | Bought a scroll of enchant weapon for 120 gold pieces
  5862 | D:10     | Found Jiwiruezy's General Store.
  6344 | D:11     | Found Aloiceok's Book Shop.
  6640 | D:11     | Noticed an eight-headed hydra
  6655 | D:11     | Killed a 12-headed hydra
  6673 | D:11     | Noticed a green ugly thing
  6686 | D:11     | Killed a green ugly thing
  6686 | D:11     | Reached *** piety under Makhleb
  6686 | D:11     | Reached skill level 10 in Fighting
  6755 | D:11     | Noticed a cyan ugly thing
  6766 | D:11     | Killed a cyan ugly thing
  6766 | D:11     | Reached skill level 5 in Invocations
  6766 | D:11     | Reached skill level 5 in Evocations
  7001 | D:11     | Noticed Fannar
  7034 | D:11     | Killed Fannar
  7218 | D:12     | Noticed a five-headed hydra
  7227 | D:12     | Killed a seven-headed hydra
  7350 | D:12     | Noticed Erolcha
  7360 | D:12     | Killed Erolcha
  7784 | D:13     | Reached XP level 12. HP: 42/117 MP: 9/9
  7855 | D:13     | Found a gate to the Vaults.
  8003 | D:13     | You fall into a shaft and drop 1 floor!
  8076 | D:13     | Noticed a two-headed ogre
  8081 | D:13     | Killed a two-headed ogre
  8554 | D:14     | Reached skill level 11 in Fighting
  8619 | D:14     | Reached **** piety under Makhleb
  8685 | D:14     | Paralysed by a wizard for 4 turns
  8696 | D:14     | Reached XP level 13. HP: 61/127 MP: 10/10
  9005 | D:14     | Noticed Frances
  9030 | D:14     | Killed Frances
  9115 | D:14     | Reached skill level 10 in Armour
  9121 | D:14     | Reached skill level 10 in Shields
  9268 | D:15     | Entered Level 15 of the Dungeon
  9440 | D:15     | Reached skill level 12 in Fighting
  9453 | D:15     | Noticed an ettin
  9468 | D:15     | Killed an ettin
  9468 | D:15     | Reached ***** piety under Makhleb
  9520 | D:15     | Found a staircase to the Depths.
  9746 | D:15     | Found a stormy altar of Qazlal.
 10254 | Lair:1   | Entered Level 1 of the Lair of Beasts
 10425 | Lair:1   | Found a transporter.
 10492 | Lair:1   | Found a dark tunnel.
 10570 | Volcano  | Entered a volcano
 10710 | Volcano  | Gained mutation: You resist negative energy. (rN+) [Deep
                  | Dwarf growth]
 10710 | Volcano  | Reached XP level 14. HP: 107/138 MP: 12/12
 10963 | Lair:1   | Found a transporter.
 11455 | Lair:2   | Found a gate leading to a gauntlet.
 11536 | Gauntlet | Entered a Gauntlet
 11536 | Gauntlet | Found a transporter.
 11545 | Gauntlet | Found a transporter.
 11545 | Gauntlet | Found a transporter.
 11554 | Gauntlet | Found a transporter.
 11556 | Gauntlet | Found a transporter.
 11560 | Gauntlet | Found a runed translucent door.
 11562 | Gauntlet | Found a runed translucent door.
 11564 | Gauntlet | Found a transporter.
 11580 | Gauntlet | Found a transporter.
 11590 | Gauntlet | Found a transporter.
 11600 | Gauntlet | Found a transporter.
 11614 | Gauntlet | Found a transporter.
 11628 | Gauntlet | Found a transporter.
 11631 | Gauntlet | Found a transporter.
 11649 | Gauntlet | Found a transporter.
 11649 | Gauntlet | Found a transporter.
 11765 | Gauntlet | Paralysed by a hornet for 2 turns
 11850 | Gauntlet | Got a clouded bronze ring
 11881 | Gauntlet | Identified the cursed +3 great sword "Qyjuogie" {holy, rC+
                  | Str+4}
 11896 | Gauntlet | Identified the Tome of Noxious Clay
 11900 | Lair:2   | Identified the ring of Qankomax {rF+ rC+ Str+2 Dex+7} (You
                  | found it in a Gauntlet)
 12395 | Lair:2   | Found a staircase to the Swamp.
 12837 | Lair:3   | Found a staircase to the Snake Pit.
 13190 | Orc:1    | Entered Level 1 of the Orcish Mines
 13258 | Orc:1    | Noticed an orc warlord
 13296 | Orc:1    | Killed an orc warlord
 13325 | Orc:2    | Entered Level 2 of the Orcish Mines
 13374 | Orc:2    | Found Beuvyguq's Gadget Shop.
 13389 | Orc:2    | Identified the +2 kite shield of Xuukeg {rPois Str+3}
 13389 | Orc:2    | Noticed Donald
 13411 | Orc:2    | Reached skill level 10 in Evocations
 13422 | Orc:2    | Killed Donald
 13429 | Orc:2    | Reached skill level 10 in Invocations
 13657 | Swamp:1  | Entered Level 1 of the Swamp
 13680 | Swamp:1  | Reached skill level 13 in Fighting
 13700 | Swamp:1  | Reached skill level 15 in Axes
 13775 | Swamp:1  | Reached ****** piety under Makhleb
 13880 | Swamp:2  | Reached XP level 15. HP: 148/148 MP: 14/14
 13990 | Swamp:2  | Noticed a thorn hunter
 14010 | Swamp:2  | Killed a thorn hunter
 14174 | Swamp:4  | Entered Level 4 of the Swamp
 14294 | Swamp:4  | Noticed a bone dragon
 14343 | Swamp:4  | Killed a bone dragon
 14354 | Swamp:4  | Got a decaying rune of Zot
 14794 | Snake:1  | Entered Level 1 of the Snake Pit
 14889 | Snake:2  | Reached skill level 14 in Fighting
 15326 | Snake:3  | Found Zias's Magic Scroll Shoppe.
 15326 | Snake:3  | Found Keguudgh's Gadget Emporium.
 15328 | Snake:3  | Found Viotowkiu's Distillery.
 15329 | Snake:3  | Found Zeagew's Antique Armour Shoppe.
 15336 | Snake:3  | Bought a scroll of enchant weapon for 127 gold pieces
 15336 | Snake:3  | Bought a scroll of blinking for 127 gold pieces
 15467 | Snake:4  | Entered Level 4 of the Snake Pit
 15495 | Snake:4  | Reached XP level 16. HP: 158/158 MP: 14/14
 15877 | Snake:4  | Reached skill level 15 in Fighting
 15918 | Snake:4  | Got a serpentine rune of Zot
 16487 | Depths:1 | Entered Level 1 of the Depths
 16539 | Depths:1 | Noticed a lich
 16557 | Depths:1 | Killed a lich
 16628 | Depths:1 | Got a fine bone ring
 16665 | Depths:2 | Reached XP level 17. HP: 151/170 MP: 17/17
 16739 | Depths:2 | Found a gateway to Hell.
 16905 | Depths:2 | Reached skill level 16 in Fighting
 16956 | Depths:2 | Noticed a lich
 16967 | Depths:2 | Killed a lich
 17416 | Depths:4 | Noticed a tentacled monstrosity
 17427 | Depths:4 | Killed a tentacled monstrosity
 17506 | Depths:4 | Gained mutation: You passively map a large area around you.
                  | [Deep Dwarf growth]
 17506 | Depths:4 | Reached XP level 18. HP: 183/183 MP: 19/19
 17529 | Depths:4 | Reached skill level 15 in Invocations
 17596 | Depths:4 | Reached skill level 1 in Dodging
 17662 | Depths:5 | Entered Level 5 of the Depths
 17663 | Depths:5 | Noticed a bone dragon
 17667 | Depths:5 | Noticed Saint Roka
 17675 | Depths:5 | Reached skill level 17 in Fighting
 17698 | Depths:5 | Killed a bone dragon
 17704 | Depths:5 | Killed Saint Roka
 17704 | Depths:5 | Reached skill level 15 in Armour
 17704 | Depths:5 | Reached skill level 15 in Shields
 17815 | Depths:5 | Reached skill level 5 in Dodging
 17819 | Depths:5 | Found a gate to the Realm of Zot.
 17846 | Depths:5 | Noticed a lich
 17861 | Depths:5 | Killed a lich
 17932 | Depths:4 | Noticed a tentacled monstrosity
 17950 | Depths:4 | Noticed a tentacled monstrosity
 17953 | Depths:4 | Killed a tentacled monstrosity
 17966 | Depths:4 | Killed a tentacled monstrosity
 18065 | Depths:4 | Found Kuichaiqo's Gadget Boutique.
 18065 | Depths:4 | Found Vumy's Jewellery Shoppe.
 18066 | Depths:4 | Found Ihunedi's Jewellery Shoppe.
 18258 | D:15     | Cast into level 4 of the Abyss (unwielding a weapon of
                  | distortion)
 18344 | Abyss:4  | Reached XP level 19. HP: 194/194 MP: 18/18
 18449 | Abyss:4  | Paralysed by accursed screaming for 1 turns
 18522 | Abyss:4  | Found a corrupted altar of Lugonu.
 18567 | Abyss:4  | Gained mutation: [You are occasionally teleported next to
                  | monsters.] [a neqoxec]
 18686 | Abyss:5  | Entered Level 5 of the Abyss
 18885 | Abyss:5  | Noticed an ancient lich
 18908 | Abyss:5  | Killed an ancient lich
 18908 | Abyss:5  | Reached skill level 18 in Fighting
 18964 | Abyss:5  | Paralysed by accursed screaming for 2 turns
 18975 | Abyss:5  | Paralysed by accursed screaming for 2 turns
 18982 | Abyss:5  | Killed from afar by a Hell Sentinel

Illustrated notes

Levels and vault maps discovered:
D:1:      lemuel_arrival_muddy, layout_basic
D:2:      layout_basic, lemuel_round_altar, makhleb_grotto_becter,
          minmay_misc_feat_roman, uniq_terence
D:3:      layout_rooms, serial_glass, glass_columns_a, glass_columns_a,
          lightli_corner_chamber
D:4:      layout_rooms, minmay_temple_entry_waves, serial_park_tiny_pond,
          grunt_decor_arrowhead, grunt_decor_cap, lemuel_altar_in_water
D:5:      layout_rooms, nicolae_ru_the_path_less_chosen,
          nemelex_xobeh_ov_fountains_minmay, cheibriados_altar_1, zin_academy,
          old_standard_altar, gammafunk_ghost_cemetery, palyth_stone_intersect
D:6:      layout_basic, gammafunk_ghost_stat_death, basic_altar
D:7:      layout_loops_ring, lemuel_doored_altar
D:8:      layout_cave_pools, uniq_maggie, uniq_maurice, uniq_pikel
D:9:      wander_river, layout_loops_ring, tgw_trog, kennysheep_little_box,
          serial_shops, nicolae_shop_temple_entry_statues_fountains
D:10:     layout_loops_ring, minmay_orc_entry_guard_dogs, serial_shops, shop,
          nicolae_shop_waterfront, shop, shop_fountains,
          minmay_misc_feat_columns
D:11:     layout_stronghold, serial_shops, shop, uniq_fannar
D:12:     layout_stronghold, uniq_urug, uniq_erolcha
D:13:     layout_rooms, erik_vaults_1
D:14:     lemuel_ogre_cave, layout_irregular_city,
          hangedman_abyss_or_decor_passed, uniq_frances
D:15:     hangedman_depths_entry_civil_slaughter, layout_rooms,
          hangedman_glass_teeth, nicolae_qazlal_general_emergency
Temple:   minmay_temple_bridge_abc
Lair:1:   gammafunk_cloud_chamber, layout_small_grid,
          nicolae_volcano_entry_lava_flow
Lair:2:   layout_regular_city, nicolae_swamp_entry_splash_gauntlet,
          gauntlet_entry_generic, serial_bayou_pond_a, beast_lair_carwin_7,
          grunt_megastairs_4
Lair:3:   layout_regular_city, dummy_snake_entry
Swamp:1:  layout_falls_marsh, evilmike_swamp_ruin_house_4, swamp_pool4,
          cheibrodos_swamp_pet_leeches
Swamp:2:  layout_falls_marsh, hangedman_swamp_blocks,
          infiniplex_staircase_pool_2
Swamp:3:  layout_basic_swamp, evilmike_swamp_ruin_rubble_1
Swamp:4:  swamp_pestilence, layout_basic_swamp, infiniplex_staircase_pool
Snake:1:  layout_chambers
Snake:2:  layout_grid_maze
Snake:3:  layout_chambers, minmay_shoptagon, grunt_megastairs_1
Snake:4:  snake_pit, layout_rooms, special_room
Orc:1:    layout_caves, enter_bailey_3, basic_altar
Orc:2:    grunt_orc_cross, layout_diamond_mine, basic_altar,
          guppyfry_orc_lava_fort, uniq_donald
Depths:1: layout_cave_pools, hangedman_decor_growths, hellmouth_1,
          nrook_kobold_shadow_demons, grunt_megastairs_2, uniq_mara, uniq_sojobo
Depths:2: minmay_inside_and_out, layout_cave_shapes, nrook_pool_corridor,
          hell_entry, infiniplex_staircase_pillars_1, serial_bayou_shore_b
Depths:3: minmay_the_grid_triangle_9x9_recursive_3
          [minmay_the_grid_triangle_9x9_windchime,
          minmay_the_grid_triangle_9x9_longest,
          minmay_the_grid_triangle_9x9_intruding_spiral,
          minmay_the_grid_triangle_9x9_prize_special,
          minmay_the_grid_triangle_9x9_from_above,
          minmay_the_grid_triangle_9x9_negative_grid,
          minmay_the_grid_triangle_9x9_thin_v,
          minmay_the_grid_triangle_9x9_zippers_horizontal,
          minmay_the_grid_triangle_9x9_warning], layout_gridlike,
          rand_demon_pan_entry_4, pf_coc_iceberg, serial_bayou_shore_a,
          minmay_fire_ice_demons
Depths:4: minmay_two_paths, layout_cave_pools, enter_ziggurat_c,
          abyss_entry_flame_altar, hangedman_tar_grid_catacomb,
          grunt_ministairs_1, roderic_serpentine_path, minmay_shop_grove,
          infiniplex_staircase_door_maze
Depths:5: evilmike_zot_entry_diamond, layout_small_grid, abyss_entry,
          hell_entry, grunt_decor_fettered, uniq_saint_roka
Abyss:5:  base: Depths:4, base: Bailey, hangedman_abyss_rune_macabre_mess,
          guppyfry_abyss_exit_imp_island, evilmike_abyss_exit_16,
          evilmike_abyss_exit_12, evilmike_abyss_rune_elephants_shrine,
          evilmike_abyss_exit_12, evilmike_abyss_exit_5, bh_abyss_negative,
          abyss_furniture_001, grunt_abyss_rune_forest_and_sorcery

Skill      XL: |  1  2  3  4  5  6  7  8  9 10 11 12 13 14 15 16 17 18 19 |
---------------+----------------------------------------------------------+-----
Fighting       | 3 4 5 6 8 9 10 11 12 13 14 15 16 17 18 | 18.1
Axes           | 3 4 5 6 7 9 10 11 13 14 15 16 | 16.0
Armour         | 4 5 6 7 8 9 10 11 12 13 14 15 16 | 16.6
Shields        | 4 5 6 7 8 9 10 11 12 13 14 15 | 15.0
Invocations    | 3 5 7 9 10 11 13 14 15 | 15.0
Evocations     | 3 5 7 9 10 | 10.0
Dodging        | 7 9 |  9.1

Action                   |  1- 3 |  4- 6 |  7- 9 | 10-12 | 13-15 | 16-18 | 19-21 || total
-------------------------+-------+-------+-------+-------+-------+-------+-------++-------
Melee: War axe           |    32 |    74 |   370 |   864 |   676 |       |       ||  2016
       Broad axe         |       |       |       |       |   603 |   890 |   245 ||  1738
       Unarmed           |       |       |       |       |       |       |     3 ||     3
Invok: Lesser Servant of |       |       |       |     4 |     2 |       |       ||     6
       Greater Servant o |       |       |       |       |       |     3 |       ||     3
 Abil: Heal Wounds       |       |     4 |    18 |    15 |    16 |     4 |    10 ||    67
Evoke: Wand              |       |       |     5 |       |       |       |       ||     5
       Tin of tremorston |       |       |       |     4 |     6 |     4 |     3 ||    17
  Use: Scroll            |       |       |       |    16 |    19 |     3 |     3 ||    41
       Potion            |       |       |       |       |     3 |       |     3 ||     6
 Stab: Distracted        |       |       |       |     1 |       |     2 |       ||     3
Armor: Scale mail        |     1 |       |       |       |       |       |       ||     1
       Chain mail        |    14 |    50 |   237 |   456 |   694 |   342 |   147 ||  1940
Dodge: Dodged            |     6 |    28 |    77 |   438 |   836 |   305 |   160 ||  1850
Block: Kite shield       |    18 |    55 |   222 |   529 |   996 |   923 |   297 ||  3040
       Tower shield      |       |       |       |       |   467 |       |       ||   467
       Reflection        |       |       |       |       |    27 |    76 |    10 ||   113
       Other             |       |       |       |       |       |       |     1 ||     1

Table legend: (Time is in decaauts)
 A = Elapsed time spent in this place.
 B = Non-inter-level travel time spent in this place.
 C = Inter-level travel time spent in this place.
 D = Time resting spent in this place.
 E = Time spent auto-exploring this place.
 F = Levels seen in this place.
 G = Mean time per level.
                   A        B        C        D        E       F      G
               +--------+--------+--------+--------+--------+-----+--------+
         Total |  18825 |  16399 |   2426 |    132 |  10229 |  38 |  495.4 |
       Dungeon |  10568 |   9316 |   1252 |      0 |   6473 |  15 |  704.5 |
        Temple |    194 |    172 |     22 |      0 |    171 |   1 |  194.0 |
          Lair |   2543 |   2080 |    463 |    132 |   1546 |   3 |  847.7 |
         Swamp |   1088 |    933 |    155 |      0 |    282 |   4 |  272.0 |
     Snake Pit |   1280 |   1032 |    248 |      0 |    557 |   4 |  320.0 |
  Orcish Mines |    283 |    236 |     47 |      0 |     68 |   2 |  141.5 |
        Depths |   1634 |   1397 |    237 |      0 |    525 |   5 |  326.8 |
         Abyss |    657 |    657 |      0 |      0 |    282 |   2 |  328.5 |
       Volcano |    218 |    218 |      0 |      0 |     99 |   1 |  218.0 |
      Gauntlet |    357 |    357 |      0 |      0 |    225 |   1 |  357.0 |
               +--------+--------+--------+--------+--------+-----+--------+

Top non-repeatable levels by time:
  Lair:2: 1137 daAuts
     D:9: 1090 daAuts
    D:11: 1007 daAuts
    D:14: 1001 daAuts
  Lair:1: 962 daAuts
    D:15: 865 daAuts
    D:10: 839 daAuts
     D:7: 770 daAuts
     D:2: 747 daAuts
    D:12: 714 daAuts
     D:4: 657 daAuts
    D:13: 652 daAuts
Depths:2: 648 daAuts
     D:5: 580 daAuts
     D:6: 569 daAuts
